 Dungeon Crawl Stone Soup version 0.30.0-29-ga12c61a403 (webtiles) character file.

Game seed: 2911379617479339874

351 Sabo the Chopper (level 6, -4/41 (46) HPs)
             Began as a Demonspawn Gladiator on June 3, 2023.
             Slain by a wight
             ... wielding a +2 great sword of freezing
              (7 damage)
             ... on level 4 of the Dungeon.
             The game lasted 00:15:17 (3445 turns).

Sabo the Chopper (Demonspawn Gladiator)             Turns: 3445, Time: 00:15:18

HP:   -4/41 (46)    AC: 11    Str: 16    XL:     6   Next: 34%
MP:   0/15          EV:  8    Int:  9    God:
Gold: 137           SH:  0    Dex: 17    Spells: 5/5 levels left

rFire   . . .        y - +1 hand axe (venom)
rCold   . . .        (no shield)
rNeg    . . .        p - +0 chain mail
rPois   .            c - +0 helmet
rElec   .            t - +0 cloak
rCorr   .            (no gloves)
SInv    .            (no boots)
Will    .....        (no amulet) Stlth
                     l - ring of magical power
HPRegen 0.26/turn    (no ring)
MPRegen 0.28/turn

%: guardian spirit
@: heavily drained
A: thin skeletal structure 1, demonic guardian 1, magic shield, magic
regeneration
a: no special abilities


You were on level 4 of the Dungeon.
You visited 1 branch of the dungeon, and saw 4 of its levels.

You collected 137 gold pieces.

Inventory:

Hand Weapons
 a - a +0 war axe
 g - a +0 vampiric hand axe
 h - a +0 sling
 x - a +0 mace of protection
 y - a +1 hand axe of venom (weapon)
 z - a +0 sling of electrocution
 A - the +4 glaive "Fouzugaa" {antimagic, rF+ Str-5 Int+2 Stlth+}
   (You found it on level 4 of the Dungeon)

   Str:       It affects your strength (-5).
   Int:       It affects your intelligence (+2).
   rF:        It protects you from fire.
   Stlth:     It makes you more stealthy.
Missiles
 b - 12 poisoned darts
 d - 3 throwing nets (quivered)
 e - a javelin
Armour
 c - a +0 helmet (worn)
 p - a +0 chain mail (worn)
 r - a +2 robe of positive energy
 t - a +0 cloak (worn)
Jewellery
 l - a ring of magical power (left hand)
Scrolls
 k - a scroll of enchant weapon
 o - a scroll of fear {unknown}
 q - a scroll of enchant armour {unknown}
 s - a scroll of teleportation {unknown}
 u - a scroll of brand weapon {unknown}
 v - 2 scrolls of poison
 B - a scroll of blinking {unknown}
Potions
 f - 2 potions of curing
 i - a potion of resistance {unknown}
 j - 2 potions of flight {unknown}
 m - a potion of attraction {unknown}
 n - a potion of heal wounds {unknown}
 w - 2 potions of brilliance {unknown}


   Skills:
 + Level 2.8 Fighting
 + Level 4.6 Axes
 + Level 1.8 Throwing
 + Level 3.2 Armour
 + Level 3.2 Dodging
 + Level 1.0 Stealth


You had 5 spell levels left.
You didn't know any spells.
Your spell library contained the following spells:

 Spells                   Type           Power      Damage    Failure   Level
 Slow                     Hex            0%         N/A       99%         1
 Cigotuvi's Dreadful Rot  Necr/Pois/Air  0%         N/A       100%        2
 Confusing Touch          Hex            0%         N/A       100%        3
 Ignite Poison            Fire/Tmut/Pois 0%         N/A       100%        3
 Vampiric Draining        Necr           0%         2d6       100%        3
 Freezing Cloud           Conj/Ice/Air   0%         6-21      100%        5


Dungeon Overview and Level Annotations

Branches:
Dungeon (4/15)
 Temple: D:4-7

Altars:
Yredelemnul


Innate Abilities, Weirdness & Mutations

You have a somewhat thin skeletal structure. (Dex +2, Stealth+)
A weak demonic guardian rushes to your aid.
When hurt, damage is shared between your health and your magic reserves.
You regenerate magic rapidly.


Message History

You enter the shallow water.
Moving in this stuff is going to be slow.
An adder comes into view.
The adder hisses angrily.
A goblin comes into view. It is wielding a +0 dagger.
You enter the shallow water.
Moving in this stuff is going to be slow.
The goblin shouts!
A wight comes into view.
It is wielding a +2 great sword of freezing.
The adder bites you but does no damage.
You hit the adder.
The adder is poisoned.
The adder is lightly wounded.
The adder barely misses you.
You hit the adder but do no damage.
The adder looks as sick as possible!
The adder is moderately wounded.
The adder barely misses you. The adder bites you but does no damage.
You miss the adder.
The adder is moderately wounded.
The adder bites you but does no damage.
You completely miss the adder.
The adder is severely wounded.
You hit the wight but do no damage.
You kill the adder!
The wight hits you with a +2 great sword of freezing!
You feel drained. The wight freezes you.
You hit the goblin.
The goblin is poisoned.
The goblin is moderately wounded.
You hit the wight but do no damage. The goblin hits you but does no damage.
The wight hits you with a +2 great sword of freezing!
You feel drained. The wight freezes you.
You hit the goblin.
You kill the goblin!
You hit the wight but do no damage. The wight closely misses you.
You hit the wight but do no damage. The wight closely misses you.
You hit the wight.
The wight is moderately damaged.
The wight hits you with a +2 great sword of freezing!
* * * LOW HITPOINT WARNING * * *
A demonic guardian appears!
You feel drained. The wight freezes you!
You die...

######..##.#~##.#..#~....# ...#
##.....~#~..#~#~##..# ...#
####..~#.#..##~~~..# ...#
##.~##.~..#~#~.##
...########.~#.#.#.###~.#
#.........~~~#~.#.~##~~.#####
#.........~#~#.#.#5#~~#.....###
#.........~####.~.##~....<....#
#.........~~##.#@#.#~##.....#..
...##..#.#.~~##z#)~#~########
######...#..~~#. #.#~#
###.....~#. ##~# ##....<~#.
#~~## #......~#. #~..## .
#.##...~## #~...# ##.# ##
#.####.~~# ##~.#.# ##..
[######.#....#~# #~~.#.####...


You could see a wight (ally target) and a friendly shadow imp (summoned).

Vanquished Creatures
  A centaur (D:3)
  A bullfrog (D:4)
  A scorpion (D:4)
  An iguana (D:4)
  5 adders
  A shadow imp (D:4)
  A dart slug (D:4)
  8 orcs
  A ball python (D:3)
  4 endoplasms
  3 giant cockroaches
  7 goblins
  4 hobgoblins
  2 quokkas (D:3)
  8 bats
  2 frilled lizards
  5 kobolds
  3 rats (D:3)
58 creatures vanquished.

Vanquished Creatures (collateral kills)
  An adder (D:2)
1 creature vanquished.

Grand Total: 59 creatures vanquished

Notes
Turn   | Place    | Note
-------+----------+-------------------------------------------
     0 | D:1      | Sabo the Demonspawn Gladiator began the quest for the Orb.
     0 | D:1      | Reached XP level 1. HP: 16/16 MP: 1/1
   721 | D:1      | Reached skill level 3 in Axes
   721 | D:1      | Gained mutation: A weak demonic guardian rushes to your
                  | aid. [demonic ancestry]
   721 | D:1      | Reached XP level 2. HP: 21/22 MP: 2/2
  1371 | D:2      | Gained mutation: You regenerate magic rapidly. [demonic
                  | ancestry]
  1371 | D:2      | Reached XP level 3. HP: 22/27 MP: 3/3
  1550 | D:2      | Reached skill level 1 in Armour
  2003 | D:3      | Gained mutation: When hurt, damage is shared between your
                  | health and your magic reserves. [demonic ancestry]
  2003 | D:3      | Reached XP level 4. HP: 3/33 MP: 4/4
  2632 | D:3      | Noticed a centaur
  2641 | D:3      | Killed a centaur
  2642 | D:3      | Reached skill level 4 in Axes
  2642 | D:3      | Gained mutation: You have a somewhat thin skeletal
                  | structure. (Dex +2, Stealth+) [demonic ancestry]
  2642 | D:3      | Reached XP level 5. HP: 29/39 MP: 3/5
  3102 | D:4      | Identified the +4 glaive "Fouzugaa" {antimagic, rF+ Str-5
                  | Int+2 Stlth+}
  3182 | D:4      | Reached XP level 6. HP: 40/46 MP: 6/6
  3258 | D:4      | Found a basalt altar of Yredelemnul.
  3392 | D:4      | Reached skill level 1 in Stealth
  3445 | D:4      | Slain by a wight

Illustrated notes

Levels and vault maps discovered:
D:1:      dpeg_arrival_long_road, layout_basic, eino_curves_01
D:2:      layout_loops_cross
D:3:      layout_rooms, kennysheep_cluttered_room, nrook_uturn
D:4:      layout_rooms, mainiacjoe_overflow_alcove_2, general_overflow_altar,
          minmay_manual_mullet

Skill      XL: |  1  2  3  4  5  6 |
---------------+-------------------+-----
Axes           | 3 4 |  4.6
Armour         | 1 2 3 |  3.2
Dodging        | 3 |  3.2
Stealth        | 1 |  1.0
Fighting       | |  2.8
Throwing       | |  1.8

Action                     |  1- 3 |  4- 6 || total
---------------------------+-------+-------++-------
  Melee: Hand axe          |   134 |   110 ||   244
    Use: Scroll            |     2 |     2 ||     4
         Potion            |       |     1 ||     1
 Armour: Leather armour    |     4 |       ||     4
         Chain mail        |    80 |    73 ||   153
         Scale mail        |     4 |       ||     4
  Dodge: Dodged            |    91 |    47 ||   138
